 Dungeon Crawl Stone Soup version 0.17.0-1-g61d176b (webtiles) character file.

3352 st0uf the Arsonist (level 9, -20/62 HPs)
             Began as a Mottled Draconian Fire Elementalist on Nov 7, 2015.
             Was a Priest of Cheibriados.
             Demolished by a komodo dragon (21 damage)
             ... on level 9 of the Dungeon on Nov 8, 2015.
             The game lasted 01:25:40 (9331 turns).

st0uf the Arsonist (DrFE)                           Turns: 9331, Time: 01:25:41

Health: -20/62     AC: 10    Str: 18    XL:     9   Next: 72%
Magic:  0/17       EV: 17    Int: 25    God:    Cheibriados [***...]
Gold:   409        SH:  0    Dex: 19    Spells: 7 memorised, 2 levels left

rFire  + . .     SeeInvis .     (no weapon)
rCold  . . .     Clarity  +     (armour unavailable)
rNeg   . . .     SustAt   .     (no shield)
rPois  .         Gourm    .     (helmet restricted)
rElec  .         Spirit   +     z - +1 cloak
rCorr  +         Warding  .     (no gloves)
rMut   .         Stasis   .     R - +0 pair of boots "Xulesa" {MR+ rCorr}
MR     +....                    C - amulet of guardian spirit
Stlth  ++........               v - ring of wizardry
                                l - ring of protection from fire

@: very slow, somewhat resistant to hostile enchantments, unstealthy
A: breathe sticky flame splash, unfitting armour, berserk 1, clarity, low mp 1,
cold-blooded, AC +7
a: Breathe Sticky Flame, Bend Time, Temporal Distortion, Renounce Religion


You were on level 9 of the Dungeon.
You worshipped Cheibriados.
Cheibriados was most pleased with you.
You were not hungry.

You visited 1 branch of the dungeon, and saw 9 of its levels.
You also visited: Bailey.

You collected 409 gold pieces.

Inventory:

Hand Weapons
 E - a +1 blowgun
 G - a +3 dagger of holy wrath
Missiles
 r - 68 poisoned needles
 J - 107 arrows
Armour
 q - a +2 pair of boots
 z - a +1 cloak (worn)
 R - the +0 pair of boots "Xulesa" (worn) {MR+ rCorr}
   (You found it on level 8 of the Dungeon)

   It affects your resistance to hostile enchantments.
   It protects you from acid and corrosion.
Jewellery
 l - a ring of protection from fire (left hand)
 v - a ring of wizardry (right hand)
 C - an amulet of guardian spirit (around neck)
 L - an uncursed ring of ice
 M - an uncursed ring of teleportation
 O - an uncursed ring of invisibility
Wands
 s - a wand of lightning (9)
 B - a wand of digging (13)
 P - a wand of fireball (14)
 Q - a wand of confusion (19)
Scrolls
 c - 6 scrolls of identify
 d - a scroll of amnesia {unknown}
 f - 3 scrolls of recharging
 h - 4 scrolls of teleportation {unknown}
 j - 2 scrolls of enchant armour
 k - 4 scrolls of blinking
 p - 2 scrolls of random uselessness
 y - a scroll of enchant weapon
 A - a scroll of remove curse
Potions
 e - a potion of agility {unknown}
 g - 5 potions of curing
 m - a potion of cure mutation {unknown}
 n - a potion of brilliance {unknown}
 t - a potion of magic {unknown}
 w - a potion of resistance
 x - a potion of flight {unknown}
 F - a potion of experience {unknown}
 H - 6 potions of haste {unknown}
 I - a potion of might {unknown}
Books
 a - a book of Flames

   Spells                             Type                      Level
   a - Flame Tongue                   Conjuration/Fire             1
   b - Throw Flame                    Conjuration/Fire             2
   c - Conjure Flame                  Conjuration/Fire             3
   d - Inner Flame                    Hexes/Fire                   3
   e - Sticky Flame                   Conjuration/Fire             4
   f - Fireball                       Conjuration/Fire             5
 o - a book of Frost

   Spells                             Type                      Level
   a - Freeze                         Ice                          1
   b - Throw Frost                    Conjuration/Ice              2
   c - Ozocubu's Armour               Charms/Ice                   3
   d - Throw Icicle                   Conjuration/Ice              4
   e - Summon Ice Beast               Ice/Summoning                4
   f - Condensation Shield            Ice                          4
 K - a book of Hinderance

   Spells                             Type                      Level
   a - Confusing Touch                Hexes                        2
   b - Confuse                        Hexes                        3
   c - Gell's Gravitas                Hexes/Translocation          3
   d - Petrify                        Transmutation/Earth          4
   e - Metabolic Englaciation         Hexes/Ice                    5
Comestibles
 b - 6 bread rations
 i - a beef jerky
 u - 5 meat rations
 D - 3 royal jellies
 S - 15 fruits


   Skills:
 + Level 6.5 Dodging
 - Level 1.8 Stealth
 + Level 6.6 Spellcasting
 - Level 5.7 Conjurations
 + Level 3.0 Hexes
 - Level 8.5 Fire Magic
 + Level 0.0 Ice Magic


You had 2 spell levels left.
You knew the following spells:

 Your Spells              Type           Power        Failure   Level  Hunger
a - Flame Tongue          Conj/Fire      #####        1%          1    None
b - Conjure Flame         Conj/Fire      #####...     1%          3    None
c - Sticky Flame          Conj/Fire      #####...     1%          4    ###....
d - Confusing Touch       Hex            ###...       1%          2    None
e - Fireball              Conj/Fire      #####.....   4%          5    #####..
f - Confuse               Hex            ###.....     3%          3    None
g - Freeze                Ice            #...         4%          1    None


Dungeon Overview and Level Annotations

Branches:
Dungeon (9/15)             Temple (0/1) D:6            Lair (0/8) D:9
    Orc (0/4) D:9

Altars:
Cheibriados
Dithmenos
Fedhas
Nemelex Xobeh
Trog
Vehumet
Xom
Zin

Shops:
D:6 (   D:9 (

Annotations:
D:4 SlimeFever's ghost, novice DsAK
D:5 Grinder


Innate Abilities, Weirdness & Mutations

You can spit globs of burning liquid.
You can ignite nearby creatures when you spit burning liquid.
Your weird mottled scales are hard (AC +7).
Your body does not fit into most forms of armour.
You are cold-blooded and may be slowed by cold attacks.
You tend to lose your temper in combat.
You possess an exceptional clarity of mind.
Your magical capacity is low (-10% MP).


Message History

The komodo dragon bites the plant!
The komodo dragon bites the plant!!
The plant is destroyed!
An iguana comes into view.
The orc hits you but does no damage.
The komodo dragon bites the plant!
The komodo dragon bites the plant!!
The plant is destroyed!
The orc closely misses you.
The orc hits you from afar with a trident.
The komodo dragon completely misses you.
The komodo dragon barely misses you. The orc barely misses you.
The komodo dragon bites you!! x2
* * * LOW HITPOINT WARNING * * *
The orc closely misses you. The komodo dragon closely misses you.
There is a stone staircase leading down here.
The orc misses you. The orc barely misses you. The komodo dragon bites you!!
* * * LOW HITPOINT WARNING * * *
The orc barely misses you. The komodo dragon bites you!!
You die...

****,,,,,.))..,#*,*,*
#...,,,olF,?#*,*,*
#**#....###.##.##.#,*
#.,,..#...........#,*
#.###.#####...#####,*
#.......##.l.PP##**,*
#.......#.....PP#,,,*
#.....o.#...PPPP#****
#..<@lFl....PPPP#
##.......P.PPPPP#***
#.....>...PP.PP#,,*
#........P...PP#*,**
#####.......PPP.>.P#,,,,
#...∩......#P.PP..P#,,**
#.##.......#!.PPPPP#***
#<#####..<###PPPPP#*
####.#*,,....#**######**


You could see a komodo dragon, a wyvern, a giant frog and an orc.

Vanquished Creatures
  2 hippogriffs (D:8)
  A black bear (D:6)
  6 orc warriors
  A phantom (D:4)
  A necrophage (D:8)
  3 centaurs
  3 sky beasts
  4 ogres
  A giant frog (D:6)
  4 scorpions
  A giant frog zombie (D:5)
  6 hounds
  2 jellies
  3 centaur skeletons
  5 orc priests
  3 worker ants
  9 orc wizards
  2 hound zombies
  3 hound skeletons
  4 gnolls (D:3)
  2 adders
  2 shadow imps
  2 oozes
  An adder zombie (D:3)
  2 worms
  4 adder skeletons
  4 giant geckos
  37 orcs
  3 hobgoblins
  6 jackals
  4 ball pythons
  9 bats
  5 giant cockroaches
  A giant cockroach zombie (D:3)
  2 giant gecko skeletons
  9 giant newts
  6 goblins
  2 jackal zombies
  5 kobolds
  4 quokkas
  A quokka skeleton (D:3)
  A quokka zombie (D:6)
  8 rats
  A butterfly (D:6)
185 creatures vanquished.

Vanquished Creatures (others)
  2 plants (D:9)
2 creatures vanquished.

Grand Total: 187 creatures vanquished

Notes
Turn   | Place    | Note
--------------------------------------------------------------
     0 | D:1      | st0uf the Draconian Fire Elementalist began the quest for the Orb.
     0 | D:1      | Reached XP level 1. HP: 14/14 MP: 3/3
    49 | D:1      | Found a blossoming altar of Fedhas.
    49 | D:1      | Found a sparkling altar of Nemelex Xobeh.
   542 | D:1      | Found a shimmering altar of Xom.
   957 | D:1      | Reached XP level 2. HP: 20/20 MP: 1/5
  1311 | D:2      | Found a bloodstained altar of Trog.
  1312 | D:2      | Found a sparkling altar of Nemelex Xobeh.
  2000 | D:2      | Reached XP level 3. HP: 26/26 MP: 1/6
  2274 | D:2      | Learned a level 3 spell: Conjure Flame
  2506 | D:2      | Reached XP level 4. HP: 31/33 MP: 5/8
  2678 | D:3      | Reached skill level 4 in Fire Magic
  2933 | D:3      | Reached XP level 5. HP: 29/38 MP: 4/9
  3802 | D:3      | Reached XP level 6. HP: 24/45 MP: 2/10
  4170 | D:4      | Noticed SlimeFever's ghost (novice DsAK)
  4627 | D:4      | Reached skill level 5 in Fire Magic
  4693 | D:4      | Your scales start taking on a weird mottled colour.
  4693 | D:4      | Reached XP level 7. HP: 45/50 MP: 0/12
  5498 | D:5      | Entered Level 5 of the Dungeon
  5527 | D:5      | Learned a level 4 spell: Sticky Flame
  5534 | D:5      | Found a snail-covered altar of Cheibriados.
  5595 | D:5      | Became a worshipper of Cheibriados the Contemplative
  5824 | D:5      | Found a glowing silver altar of Zin.
  5939 | D:5      | Reached skill level 6 in Fire Magic
  5943 | D:5      | Learned a level 2 spell: Confusing Touch
  6496 | D:5      | Noticed Grinder
  6550 | D:6      | Found a staircase to the Ecumenical Temple.
  6655 | D:6      | Reached XP level 8. HP: 57/57 MP: 5/14
  6759 | D:6      | Found a shadowy altar of Dithmenos.
  6818 | D:6      | Found Bewk's Weapon Shoppe.
  6834 | D:6      | Reached * piety under Cheibriados
  6867 | D:6      | Gained mutation: You have a pair of small horns on your head. [mutagenic meat]
  6868 | D:6      | Gained mutation: You possess an exceptional clarity of mind. [mutagenic meat]
  6869 | D:6      | Gained mutation: You tend to lose your temper in combat. [mutagenic meat]
  6870 | D:6      | Lost mutation: You have a pair of small horns on your head. [mutagenic meat]
  6871 | D:6      | Gained mutation: Your magical capacity is low (-10% MP). [mutagenic meat]
  7130 | D:6      | Reached skill level 5 in Spellcasting
  7293 | D:6      | Reached skill level 5 in Dodging
  7353 | D:6      | Reached ** piety under Cheibriados
  7353 | D:6      | Reached skill level 5 in Conjurations
  7353 | D:6      | Reached skill level 7 in Fire Magic
  7500 | D:7      | Found a radiant altar of Vehumet.
  7546 | D:7      | Found a blossoming altar of Fedhas.
  7980 | D:8      | Reached XP level 9. HP: 62/62 MP: 9/15
  8348 | D:8      | Reached skill level 1 in Hexes
  8412 | D:8      | Reached skill level 8 in Fire Magic
  8429 | D:8      | Learned a level 5 spell: Fireball
  8600 | D:8      | Got a pair of blackened boots
  8613 | D:8      | Identified the cursed +0 pair of boots "Xulesa" {MR+ rCorr} (You found it on level 8 of the Dungeon)
  8708 | D:8      | Found a blossoming altar of Fedhas.
  8866 | D:9      | Found a flagged portal.
  8871 | Bailey   | Entered a bailey
  8940 | Bailey   | Learned a level 3 spell: Confuse
  8948 | Bailey   | Reached *** piety under Cheibriados
  9267 | Bailey   | Learned a level 1 spell: Freeze
  9308 | D:9      | Found a staircase to the Lair.
  9309 | D:9      | Noticed a komodo dragon
  9313 | D:9      | Found Kuonne Nuem's Weapon Shop.
  9313 | D:9      | Found a staircase to the Orcish Mines.
  9330 | D:9      | HP: 1/62 [komodo dragon (16)]
  9331 | D:9      | Demolished by a komodo dragon

Action                   |  1- 3 |  4- 6 |  7- 9 || total
-------------------------+-------+-------+-------++-------
Melee: Unarmed           |    42 |    39 |   151 ||   232
 Cast: Flame Tongue      |    51 |   138 |   188 ||   377
       Conjure Flame     |     3 |    10 |    23 ||    36
       Confusing Touch   |       |       |    23 ||    23
       Confuse           |       |       |     8 ||     8
       Fireball          |       |       |     2 ||     2
       Sticky Flame      |       |       |     1 ||     1
 Abil: Breathe Sticky Fl |       |       |    12 ||    12
  Use: Scroll            |       |       |    11 ||    11
 Stab: Confused          |       |       |    12 ||    12
  Eat: Chunk             |     5 |     9 |    16 ||    30
       Fruit             |       |       |     3 ||     3
       Beef jerky        |       |       |     1 ||     1
